 Dungeon Crawl Stone Soup version 0.31.0-1-g2c135a008e (webtiles) character file.

Game seed: 9200379260474623362

18 qw the Shooter (level 2, -5/23 HPs)
             Began as a Djinni Hunter on Jan 23, 2024.
             Slain by a gnoll
             ... wielding a +2 spear of flaming
              (6 damage)
             ... on level 1 of the Dungeon.
             The game lasted 00:00:02 (399 turns).

qw the Shooter (Djinni Hunter)                       Turns: 399, Time: 00:00:02

Health: -5/23      AC:  3    Str: 10    XL:     2   Next: 90%
Gold:   38         EV: 12    Int: 10    God:
                   SH:  0    Dex: 16

rFire   + + .        a - +0 shortbow
rCold   x . .        (shield currently unavailable)
rNeg    . . .        c - +0 leather armour
rPois   inf          (no helmet)
rElec   .            (no cloak)
rCorr   .            (no gloves)
SInv    .            (boots unavailable)
Will    .....        (no amulet)
Stlth   +            (no ring)
HPRegen 0.23/turn    (no ring)
MPRegen 0.00/turn

%: infuse magic (-6 HP)
@: flying
A: sickness immunity, fire resistance 2, cold vulnerability 1, float, innate
caster, HP casting, extra vitality 1
a: no special abilities


You were on level 1 of the Dungeon.
You visited 1 branch of the dungeon, and saw 1 of its levels.

You collected 38 gold pieces.


Innate Abilities, Weirdness & Mutations

You are immune to sickness and miasma.
You are immune to poison.
Your flesh is very heat resistant. (rF++)
You are vulnerable to cold. (rC-)
You float through the air rather than walking.
You learn spells naturally, not from books.
Your magical power is your life essence.
You have superior vitality. (+4 MHP)


   Skills:
 - Level 2.0 Fighting
 + Level 3.9 Ranged Weapons
 - Level 2.1 Dodging
 - Level 0.7 Stealth You didn't know any spells. Your spell library was empty.

Inventory:

Hand Weapons
 a - a +0 shortbow (weapon)
Armour
 c - a +0 leather armour (worn)
Jewellery
 h - a ring of ice
 j - a +6 ring of strength
Scrolls
 b - a scroll of butterflies
 e - a scroll of enchant armour {unknown}
 f - 4 scrolls of identify {unknown}
 g - 2 scrolls of teleportation {unknown}
 l - a scroll of brand weapon {unknown}
Potions
 d - 2 potions of brilliance {unknown}
 i - a potion of heal wounds {unknown}
 k - a potion of curing {unknown}

Dungeon Overview and Level Annotations

Branches:
Dungeon (1/15)

Altars:


Message History

The hobgoblin hits you but does no damage.
You shoot an arrow. The arrow barely misses the hobgoblin.
The hobgoblin barely misses you.
You shoot an arrow. The arrow hits the hobgoblin!
You kill the hobgoblin!
Found a stone staircase leading down.
There is a stone staircase leading down here.
l - a scroll labelled LUSMAR GUFUME
Found 2 stones.
A quokka comes into view.
You shoot an arrow. The arrow hits the quokka.
You kill the quokka!
You see here 2 stones.
You see here a quokka corpse.
A gnoll comes into view. It is wielding a +2 spear of flaming.
The gnoll shouts!
You shoot an arrow. The arrow barely misses the gnoll.
The arrow hits the plant.
The plant begins to die.
The plant is lightly damaged.
You shoot an arrow. The arrow barely misses the gnoll.
The arrow hits the plant!
The plant is lightly damaged.
The gnoll hits you but does no damage.
You shoot an arrow. The arrow barely misses the gnoll.
The arrow hits the plant.
The plant is lightly damaged.
A nearby plant withers and dies.
The gnoll hits you from afar with a +2 spear of flaming.
The gnoll burns you.
You shoot an arrow. The arrow hits the gnoll!
The gnoll is heavily wounded.
The gnoll hits you from afar with a +2 spear of flaming.
The gnoll burns you.
You shoot an arrow. The arrow barely misses the gnoll.
The arrow hits the plant but does no damage.
The gnoll splashes around in the water.
The gnoll hits you from afar with a +2 spear of flaming!
You shoot an arrow. The arrow closely misses the gnoll.
The arrow hits the plant!
The plant begins to die.
The plant is lightly damaged.
The gnoll hits you from afar with a +2 spear of flaming.
You die...

..... #### ...... #...
...... ##..777 .......
###..77~77# ........
#..@~PPP~~7#........
#.##~P~7~P77........
#.#7gP~~~~~7........
##%7~~~7P~PP77.......
#..~~~~~~P~~~7.......
#..P~~~P~PPP~~7......
##.77~~~~P~PP~77......
#..7~P~~~~~~~PP7%.....
#(#7~~~~~~~~~~P~7[....


You could see a gnoll.

Vanquished Creatures
  A dart slug (D:1)
  An endoplasm (D:1)
  2 goblins (D:1)
  4 hobgoblins (D:1)
  A quokka (D:1)
  A ball python (D:1)
  A bat (D:1)
  A kobold (D:1)
  4 rats (D:1)
16 creatures vanquished.

Notes
Turn   | Place    | Note
-------+----------+-------------------------------------------
     0 | D:1      | qw the Djinni Hunter began the quest for the Orb.
     0 | D:1      | Reached XP level 1. HP: 18/18 MP: 0/0
     0 | D:1      | 0 ||| qw: Version: 0.3-a-135-gb77e89d
     0 | D:1      | 0 ||| qw: Game counter: 953
     0 | D:1      | 0 ||| qw: Melee chars always use a shield: true
     0 | D:1      | 0 ||| qw: God list: Okawaru
     0 | D:1      | 0 ||| qw: Allow faded altars: false
     0 | D:1      | 0 ||| qw: Do Orc after clearing Dungeon:15 true
     0 | D:1      | 0 ||| qw: Do second Lair branch before Depths: true
     0 | D:1      | 0 ||| qw: Lair rune preference: random
     0 | D:1      | 0 ||| qw: Goals: Normal
     0 | D:1      | 0 ||| PLANNING D:1-11
    29 | D:1      | Reached XP level 2. HP: 23/23 MP: 0/0
   398 | D:1      | HP: 1/23 [gnoll/+2 spear of flaming (10)]
   399 | D:1      | Slain by a gnoll

Levels and vault maps discovered:
D:1:      erik_arrival_blinker_ship, layout_rooms, serial_bayou,
          serial_bayou_shore_a, serial_bayou_lake_a, serial_bayou_pond_c,
          serial_bayou_pond_e

Action                     || total
---------------------------++-------
   Fire: Shortbow          ||    43
 Armour: Leather armour    ||     7
  Dodge: Dodged            ||     8

Table legend:
 A = Non-vault XP
 B = Vault XP
 C = Vault XP percentage of total XP
 D = Non-vault monster count
 E = Vault monster count
 F = Vault count percentage of total count
                 A         B        C        D         E       F
            +---------+---------+-------+---------+---------+-------
      Total |      27 |       0 |   0.0 |      16 |       0 |   0.0
            +---------+---------+-------+---------+---------+-------
        D:1 |      27 |       0 |   0.0 |      16 |       0 |   0.0
            +---------+---------+-------+---------+---------+-------
